 Dungeon Crawl Stone Soup version 0.31-a0-986-g5e6e4ef867 (webtiles) character file.

Game seed: 16337809826523384718

5057 jlumianski the Grappler (level 10, -14/68 HPs)
             Began as a Gnoll Shapeshifter on Nov 14, 2023.
             Was a Follower of Hepliaklqana.
             Demolished by a komodo dragon (29 damage)
             ... on level 9 of the Dungeon.
             The game lasted 00:45:38 (9796 turns).

jlumianski the Grappler (Gnoll Shapeshifter)        Turns: 9796, Time: 00:45:39

Health: -14/68     AC:  5    Str: 18    XL:     10   Next: 56%
Magic:  16/18      EV: 14    Int: 10    God:    Hepliaklqana [*.....]
Gold:   415        SH:  0    Dex: 11    Spells: 14/20 levels left

rFire   + . .        l - +9 staff of Olgreb {rPois∞}
rCold   . . .        (no shield)
rNeg    + . .        S - +2 leather armour {rF+}
rPois   ∞            (helmet currently unavailable)
rElec   .            (cloak currently unavailable)
rCorr   .            (gloves currently unavailable)
SInv    .            (boots currently unavailable)
Will    .....        (no amulet)
Stlth   +++          m - ring of willpower
HPRegen 0.31/turn    C - ring of positive energy
MPRegen 0.16/turn

%: no passive effects
@: beast-form, weak-willed, jinxed
A: beast (slay +4), reduced essence, fangs 1, strong nose, distributed training
a: Begin Untransformation, Renounce Religion, Evoke the Staff of Olgreb, Recall
Ancestor, Ancestor Identity


You were on level 9 of the Dungeon.
You worshipped Hepliaklqana.
Hepliaklqana was aware of your devotion.
You were a hulking beast.
You visited 2 branches of the dungeon, and saw 10 of its levels.
You also visited: Ossuary.

You collected 597 gold pieces.
You spent 182 gold pieces at shops.

Inventory:

Hand Weapons
 l - the +9 staff of Olgreb (weapon) {rPois∞}
   (You acquired it in an ossuary)

   Radiate:   It can be activated via the 'a'bility menu to radiate toxic
   energy, with effectiveness depending on Evocations skill.
   Pois:      It enhances your poison magic.
   rPois∞: It grants immunity to poison.
 E - a +1 dagger of venom
 N - a +5 long sword
 U - a +1 sling of flaming
 Z - a +1 spectral quarterstaff
Missiles
 a - 2 throwing nets
 e - 13 poisoned darts (quivered)
 k - 2 curare-tipped darts
 I - 5 boomerangs
Armour
 w - a +0 chain mail
 x - a +4 ring mail of cold resistance
 y - a +1 helmet
 L - a +1 pair of boots
 M - a +0 buckler
 R - a +0 plate armour
 S - a +2 leather armour of fire resistance (worn)
Magical Staves
 g - a staff of earth
Jewellery
 m - a ring of willpower (left hand)
 C - a ring of positive energy (right hand)
 Y - a ring of magical power
Talismans
 c - a beast talisman (active)
 d - a flux talisman
Wands
 J - a wand of iceblast (10)
 Q - a wand of paralysis (5)
Scrolls
 o - a scroll of enchant armour
 r - 2 scrolls of blinking
 t - 7 scrolls of teleportation
 F - 3 scrolls of vulnerability
 G - a scroll of butterflies
 X - a scroll of immolation
Potions
 b - 6 potions of lignification
 h - 2 potions of mutation
 j - 2 potions of attraction
 z - 3 potions of heal wounds
 A - a potion of ambrosia
 B - a potion of brilliance
 D - a potion of berserk rage {unknown}
 H - 2 potions of haste
 K - 3 potions of enlightenment
 O - a potion of magic {unknown}
 P - 2 potions of might
 V - a potion of cancellation {unknown}
 W - a potion of curing


   Skills:
 + Level 6.1 Fighting
 + Level 5.5 Short Blades
 + Level 5.5 Long Blades
 + Level 5.5 Axes
 + Level 5.5 Maces & Flails
 + Level 5.5 Polearms
 + Level 5.5 Staves
 + Level 5.5 Ranged Weapons
 + Level 5.5 Throwing
 + Level 5.5 Armour
 + Level 7.2 Dodging
 + Level 5.5 Stealth
 + Level 5.5 Shields
 + Level 8.6 Unarmed Combat
 + Level 5.5 Spellcasting
 + Level 4.5 Conjurations
 + Level 4.5 Hexes
 + Level 4.5 Summonings
 + Level 4.5 Necromancy
 + Level 4.5 Translocations
 + Level 4.5 Transmutations
 + Level 4.5 Fire Magic
 + Level 4.5 Ice Magic
 + Level 4.5 Air Magic
 + Level 4.5 Earth Magic
 + Level 4.5 Poison Magic
 + Level 6.0 Invocations
 + Level 5.5 Evocations
 + Level 8.3 Shapeshifting


You had 14 spell levels left.
You knew the following spells:

 Your Spells              Type           Power      Damage    Failure   Level
a - Sting                 Tmut/Pois      68%        1d6       3%          1
b - Poisonous Vapours     Pois/Air       34%        N/A       6%          2
c - Jinxbite              Hex            22%        N/A       6%          2
d - Apportation           Tloc           22%        N/A       3%          1

Your spell library contained the following spells:

 Spells                   Type           Power      Damage    Failure   Level
 Foxfire                  Conj/Fire      44%        2x1d6     3%          1
 Magic Dart               Conj           44%        1d5       3%          1
 Searing Ray              Conj           22%        2d5       6%          2
 Fulminant Prism          Conj/Hex       5%         3d7       36%         4
 Olgreb's Toxic Radiance  Pois           17%        N/A       36%         4
 Alistair's Intoxication  Tmut/Pois      11%        N/A       71%         5
 Plasma Beam              Fire/Air       5%         2x1d16    99%         6
 Starburst                Conj/Fire      5%         6d4       99%         6


Dungeon Overview and Level Annotations

Branches:
Dungeon (9/15)             Temple (1/1) D:6         Ossuary (visited)
   Lair: D:8-11         Orc: D:9-12

Altars:
Ashenzari
Cheibriados
Dithmenos
Elyvilon
Fedhas
Gozag
Hepliaklqana
Makhleb
Nemelex Xobeh
Okawaru
Qazlal
Ru
Trog
Uskayaw
Wu Jian
Xom
Yredelemnul
Zin
The Shining One

Shops:
D:2 *   D:5 [


Innate Abilities, Weirdness & Mutations

You are a hulking beast.
Your limbs bulge with bestial killing power. (Slay +4)
Your life essence is reduced to manifest your ancestor. (-10% HP)
You have very sharp teeth.
Your uncanny sense of smell can sniff out nearby items.
Your experience applies equally to all skills.


Message History

As you open the door, it creaks loudly!
There is an open door here.
You swap places.
You swap places.
Done exploring.
What level of the Dungeon? (default 8, ? - help)
There is a stone staircase leading down here.
You climb downwards.
There is a stone staircase leading up here.
You open the door.
There is an open door here.
A komodo dragon comes into view.
The komodo dragon hisses angrily.
The komodo dragon closely misses you.
You sock the komodo dragon!
You envenom the komodo dragon.
The komodo dragon is poisoned.
You bite the komodo dragon, but do no damage.
The komodo dragon is moderately wounded.
The komodo dragon misses you.
You hit the komodo dragon.
The komodo dragon is moderately wounded.
The komodo dragon bites you!
Tlaloc barely misses the komodo dragon.
You hit the komodo dragon. Your bite misses the komodo dragon.
The komodo dragon is moderately wounded.
The komodo dragon bites you!!
You barely miss the komodo dragon. Your bite misses the komodo dragon.
The komodo dragon is moderately wounded.
Tlaloc barely misses the komodo dragon.
The komodo dragon misses you.
Casting: Sting (safe; 3% risk of failure)
Confirm with . or Enter, or press ? or * to list all spells.
You beckon some vexing sprites to accompany your attacks.
You feel your willpower being sapped.
Tlaloc hits the komodo dragon!
The komodo dragon bites you!!
* * * LOW HITPOINT WARNING * * *
You sock the komodo dragon!
You envenom the komodo dragon!
The komodo dragon looks even sicker.
The komodo dragon is almost dead.
Tlaloc completely misses the komodo dragon.
The komodo dragon bites you!!
You die...

#.........#
#..>.....
#<........#
#........
#.........#
#..).....
#.........#
#.)......
####'######
#........ #.#
######.##
#####.#######
...
#....^..R...#
...
#.......hl..# ..
#.$.............
.
#...........###.
.............#
###...........#
#...........#
#...........#
#############


You could see the friendly Tlaloc the ancestor and a komodo dragon (very
poisoned, ally target).

Vanquished Creatures
  Joseph (D:7)
  A vampire (D:8)
  A wraith (D:8)
  2 steam dragons (D:8)
  Menkaure (Ossuary)
  Duvessa (D:6)
  3 water moccasins (D:7)
  An orc warrior (D:8)
  2 sky beasts (D:6)
  3 black bears
  An ogre (D:4)
  3 centaurs
  3 bullfrogs
  3 necrophages (D:5)
  2 gnoll sergeants
  5 scorpions
  10 wights
  A water moccasin zombie (D:5)
  Dowan (D:6)
  A howler monkey (D:4)
  2 bullfrog zombies (D:5)
  2 jellies (D:7)
  2 gnoll boudas
  A human zombie (D:5)
  4 orc priests
  3 hounds
  6 iguanas
  2 sleepcaps
  Terence (D:3)
  2 orc wizards
  A hound zombie (D:5)
  4 mummies
  Robin (D:3)
  15 gnolls
  13 adders
  2 shadow imps
  2 white imps
  2 worms
  2 dart slugs (D:4)
  33 orcs
  7 ball pythons
  6 endoplasms
  8 giant cockroaches
  16 goblins
  9 hobgoblins
  2 jackals (D:1)
  6 kobolds
  5 quokkas
  17 bats
  6 frilled lizards
  2 gnoll skeletons (Ossuary)
  4 gnoll zombies (Ossuary)
  4 goblin skeletons (Ossuary)
  2 goblin zombies (Ossuary)
  5 hobgoblin skeletons (Ossuary)
  2 hobgoblin zombies (Ossuary)
  9 kobold skeletons (Ossuary)
  7 kobold zombies (Ossuary)
  5 orc skeletons (Ossuary)
  7 orc zombies (Ossuary)
  7 rats
  3 rat zombies (Ossuary)
285 creatures vanquished.

Vanquished Creatures (collateral kills)
  A wight (D:8)
  An orc (D:7)
2 creatures vanquished.

Grand Total: 287 creatures vanquished

Notes
Turn   | Place    | Note
-------+----------+-------------------------------------------
     0 | D:1      | jlumianski the Gnoll Shapeshifter began the quest for the
                  | Orb.
     0 | D:1      | Reached XP level 1. HP: 17/17 MP: 1/1
    68 | D:1      | Reached XP level 2. HP: 5/23 MP: 2/2
   435 | D:1      | Reached XP level 3. HP: 28/28 MP: 3/3
   646 | D:2      | Reached skill level 1 in Invocations
   686 | D:2      | Reached skill level 1 in Short Blades
   686 | D:2      | Reached skill level 1 in Long Blades
   686 | D:2      | Reached skill level 1 in Axes
   686 | D:2      | Reached skill level 1 in Maces & Flails
   686 | D:2      | Reached skill level 1 in Polearms
   686 | D:2      | Reached skill level 1 in Staves
   686 | D:2      | Reached skill level 1 in Ranged Weapons
   686 | D:2      | Reached skill level 1 in Throwing
   686 | D:2      | Reached skill level 1 in Armour
   686 | D:2      | Reached skill level 1 in Stealth
   686 | D:2      | Reached skill level 1 in Shields
   686 | D:2      | Reached skill level 1 in Spellcasting
   686 | D:2      | Reached skill level 1 in Evocations
  1232 | D:2      | Reached XP level 4. HP: 34/34 MP: 5/5
  1398 | D:2      | Reached skill level 1 in Conjurations
  1398 | D:2      | Reached skill level 1 in Hexes
  1398 | D:2      | Reached skill level 1 in Summonings
  1398 | D:2      | Reached skill level 1 in Necromancy
  1398 | D:2      | Reached skill level 1 in Translocations
  1398 | D:2      | Reached skill level 1 in Transmutations
  1398 | D:2      | Reached skill level 1 in Fire Magic
  1398 | D:2      | Reached skill level 1 in Ice Magic
  1398 | D:2      | Reached skill level 1 in Air Magic
  1398 | D:2      | Reached skill level 1 in Earth Magic
  1398 | D:2      | Reached skill level 1 in Poison Magic
  1535 | D:2      | Reached XP level 5. HP: 5/40 MP: 5/7
  1672 | D:3      | Noticed Terence
  1685 | D:3      | Killed Terence
  1875 | D:2      | Found Soid's General Store.
  1881 | D:2      | Bought a potion of curing for 42 gold pieces
  1881 | D:2      | Bought a scroll of identify for 28 gold pieces
  1881 | D:2      | Bought a scroll of teleportation for 42 gold pieces
  1881 | D:2      | Bought a potion of enlightenment for 70 gold pieces
  2137 | D:4      | Reached XP level 6. HP: 44/47 MP: 8/8
  2320 | D:3      | Noticed Robin
  2343 | D:3      | Killed Robin
  2406 | D:3      | Reached skill level 5 in Dodging
  3106 | D:5      | Entered Level 5 of the Dungeon
  3240 | D:4      | Reached XP level 7. HP: 46/52 MP: 10/10
  3402 | D:5      | Found Wuir Vui's Armour Emporium.
  4196 | D:4      | Reached XP level 8. HP: 53/60 MP: 12/12
  4792 | D:6      | Noticed Duvessa
  4792 | D:6      | Noticed Dowan
  5089 | D:5      | Reached XP level 9. HP: 58/66 MP: 14/14
  5098 | D:5      | Found a basalt altar of Yredelemnul.
  5115 | D:5      | Learned a level 1 spell: Sting
  5621 | D:6      | Killed Duvessa
  5631 | D:6      | Killed Dowan
  5632 | D:6      | Reached skill level 5 in Fighting
  6549 | D:6      | Found a staircase to the Ecumenical Temple.
  6566 | Temple   | Entered the Ecumenical Temple
  6585 | Temple   | Became a worshipper of Hepliaklqana the Forgotten
  6730 | D:6      | Reached skill level 5 in Invocations
  6986 | D:7      | Learned a level 2 spell: Poisonous Vapours
  6989 | D:7      | Learned a level 2 spell: Jinxbite
  6998 | D:7      | Noticed Joseph
  7012 | D:7      | Killed Joseph
  7239 | D:8      | Found a sand-covered staircase.
  7345 | Ossuary  | Entered an ossuary
  7859 | Ossuary  | Noticed Menkaure
  7891 | Ossuary  | Reached XP level 10. HP: 64/74 MP: 17/17
  7991 | Ossuary  | Killed Menkaure
  8036 | Ossuary  | Identified a scroll of acquirement
  8039 | Ossuary  | Acquired the +9 staff of Olgreb {rPois∞}
  8039 | Ossuary  | Found the +9 staff of Olgreb {rPois∞}
  8104 | D:9      | Reached skill level 5 in Short Blades
  8104 | D:9      | Reached skill level 5 in Long Blades
  8104 | D:9      | Reached skill level 5 in Axes
  8104 | D:9      | Reached skill level 5 in Maces & Flails
  8104 | D:9      | Reached skill level 5 in Polearms
  8104 | D:9      | Reached skill level 5 in Staves
  8104 | D:9      | Reached skill level 5 in Ranged Weapons
  8104 | D:9      | Reached skill level 5 in Throwing
  8104 | D:9      | Reached skill level 5 in Armour
  8104 | D:9      | Reached skill level 5 in Stealth
  8104 | D:9      | Reached skill level 5 in Shields
  8104 | D:9      | Reached skill level 5 in Spellcasting
  8104 | D:9      | Reached skill level 5 in Evocations
  8115 | D:8      | Found a burning altar of Makhleb.
  8218 | D:8      | Learned a level 1 spell: Apportation
  8332 | D:8      | Found a snail-covered altar of Cheibriados.
  8528 | D:8      | Reached * piety under Hepliaklqana
  8934 | D:7      | Found a shadowy altar of Dithmenos.
  9796 | D:9      | Demolished by a komodo dragon

Illustrated notes

Levels and vault maps discovered:
D:1:      minmay_arrival_floating_metal, layout_rooms, minivault_19,
          dreamdust_wishing_well, minmay_lizard_pond
D:2:      layout_loops_cross, serial_shops, shop_fountains, hex_large
D:3:      layout_rooms, guppyfry_early_lair_pool, uniq_terence, uniq_robin
D:4:      layout_basic, chequers_serial_rivers_small_a
D:5:      layout_gridville, lemuel_mausoleum_altar_yredelemnul, serial_shops,
          nicolae_shop_hallway_plus, nicolae_grassy_gnolls
D:6:      layout_gridville, temple_hall, roderic_batcave, uniq_duvessa
D:7:      layout_loops_ring, mainiacjoe_overflow_six_doors_small, uniq_joseph
D:8:      hellmonk_ruined_rings, layout_basic, marbit_many_paths,
          mainiacjoe_overflow_alcove_1, nicolae_ossuary_entry_ruins,
          nicolae_titane
D:9:      layout_roguey, lemuel_round_altar, serial_bayou_ford_a,
          minmay_fractal_squares_diagonal_5
Temple:   regret_index_temple_waves

Skill      XL: |  1  2  3  4  5  6  7  8  9 10 |
---------------+-------------------------------+-----
Invocations    | 1 2 3 4 5 6 |  6.0
Short Blades   | 1 2 3 4 5 |  5.5
Long Blades    | 1 2 3 4 5 |  5.5
Axes           | 1 2 3 4 5 |  5.5
Maces & Flails | 1 2 3 4 5 |  5.5
Polearms       | 1 2 3 4 5 |  5.5
Staves         | 1 2 3 4 5 |  5.5
Ranged Weapons | 1 2 3 4 5 |  5.5
Throwing       | 1 2 3 4 5 |  5.5
Armour         | 1 2 3 4 5 |  5.5
Stealth        | 1 2 3 4 5 |  5.5
Shields        | 1 2 3 4 5 |  5.5
Spellcasting   | 1 2 3 4 5 |  5.5
Evocations     | 1 2 3 4 5 |  5.5
Conjurations   | 1 2 3 4 |  4.5
Hexes          | 1 2 3 4 |  4.5
Summonings     | 1 2 3 4 |  4.5
Necromancy     | 1 2 3 4 |  4.5
Translocations | 1 2 3 4 |  4.5
Transmutations | 1 2 3 4 |  4.5
Fire Magic     | 1 2 3 4 |  4.5
Ice Magic      | 1 2 3 4 |  4.5
Air Magic      | 1 2 3 4 |  4.5
Earth Magic    | 1 2 3 4 |  4.5
Poison Magic   | 1 2 3 4 |  4.5
Fighting       | 3 4 5 6 |  6.1
Dodging        | 5 6 7 |  7.2
Unarmed Combat | 7 8 |  8.6
Shapeshifting  | 7 8 |  8.3

Action                     |  1- 3 |  4- 6 |  7- 9 | 10-12 || total
---------------------------+-------+-------+-------+-------++-------
  Melee: Unarmed           |    78 |   165 |   430 |    11 ||   684
         Bite              |     6 |    14 |    47 |    14 ||    81
         Punch             |     2 |     6 |    18 |     3 ||    29
         Short sword       |       |       |     3 |       ||     3
         Staff             |       |       |       |    96 ||    96
  Throw: Dart              |       |     4 |     6 |       ||    10
   Cast: Sting             |       |       |     8 |     1 ||     9
         Poisonous Vapours |       |       |     1 |     1 ||     2
         Jinxbite          |       |       |     1 |     1 ||     2
    Use: Potion            |     1 |     3 |     4 |     2 ||    10
         Scroll            |       |     5 |     5 |     3 ||    13
   Stab: Distracted        |       |     1 |     1 |       ||     2
         Sleeping          |       |       |     5 |     2 ||     7
 Armour: Animal skin       |     8 |       |       |       ||     8
         Scale mail        |    24 |    36 |       |       ||    60
         Skin              |       |    36 |       |       ||    36
         Ring mail         |       |    52 |   227 |       ||   279
         Leather armour    |       |       |    31 |    50 ||    81
  Dodge: Dodged            |    48 |    89 |   259 |   103 ||   499
   Form: Beast             |     1 |       |       |       ||     1
         Flux              |     1 |       |       |       ||     1

Table legend: (Time is in decaauts)
 A = Elapsed time spent in this place.
 B = Non-inter-level travel time spent in this place.
 C = Inter-level travel time spent in this place.
 D = Time resting spent in this place.
 E = Time spent auto-exploring this place.
 F = Levels seen in this place.
 G = Mean time per level.
                   A        B        C        D        E       F      G
               +--------+--------+--------+--------+--------+-----+--------+
         Total |   9753 |   9413 |    340 |   1458 |   3892 |  11 |  886.6 |
       Dungeon |   9038 |   8698 |    340 |   1269 |   3854 |   9 | 1004.2 |
        Temple |     29 |     29 |      0 |      0 |      0 |   1 |   29.0 |
       Ossuary |    686 |    686 |      0 |    189 |     38 |   1 |  686.0 |
               +--------+--------+--------+--------+--------+-----+--------+

Top non-repeatable levels by time:
     D:6: 1386 daAuts
     D:4: 1376 daAuts
     D:8: 1145 daAuts
     D:5: 1105 daAuts
     D:7: 1074 daAuts
     D:2: 1016 daAuts
     D:1: 1010 daAuts
     D:3: 875 daAuts
 Ossuary: 686 daAuts
     D:9: 48 daAuts
  Temple: 29 daAuts
